| TOP OF THE 1ST |
|
San Jose Bees batting - Pitching for Visalia Mets : RHP Randy Martz
|
|
Pitching: RHP Randy Martz
|
|
|
Batting: RHB Anthony Laurenzi
|
0-0: Called Strike 0-1: Foul Ball, location: 2F 0-2: Foul Ball, location: 2F 0-2: Hit by Pitch
|
|
Batting: RHB Ron MacDonald
|
0-0: Foul Ball, location: 2F 0-1: Ball 1-1: Ball 2-1: Foul Ball, location: 2F 2-2: SINGLE (Groundball, 4MD, EV 96.9 MPH) Anthony Laurenzi to second Runner from 2nd tries for 3rd, SAFE, no throw by CF
|
|
Batting: LHB Stanley Davis
|
0-0: Foul Ball, location: 2F 0-1: Ball 1-1: Swinging Strike 1-2: Ball Wild Pitch! Anthony Laurenzi scores Ron MacDonald to second 2-2: Strikes out swinging
|
|
Batting: RHB Tony Evans
|
0-0: Foul Ball, location: 2F 0-1: Foul Ball, location: 2F 0-2: Ground out 6-3 (Groundball, 6, EV 102.5 MPH)
|
|
Batting: RHB Ray Torres
|
0-0: Called Strike 0-1: Ball 1-1: Called Strike 1-2: Ball 2-2: Fly out, F6 (Line Drive, 6, EV 71.3 MPH)
|
| Top of the 1st over - 1 run, 1 hit, 0 errors, 1 left on base; San Jose 1 - Visalia 0 |
| BOTTOM OF THE 1ST |
|
Visalia Mets batting - Pitching for San Jose Bees : RHP Doug Drabek
|
|
Pitching: RHP Doug Drabek
|
|
|
Batting: RHB Danny Ainge
|
0-0: Called Strike 0-1: Ball 1-1: Ball 2-1: Fly out, F9 (Flyball, 9LS, EV 95.0 MPH)
|
|
Batting: SHB David Navarro
|
0-0: Ball 1-0: Ball 2-0: Swinging Strike 2-1: Ball 3-1: Base on Balls
|
|
Batting: LHB Huey Gayden
|
0-0: Ball 1-0: Ball 2-0: Ball 3-0: Called Strike 3-1: Fielders Choice at 2nd, 6-4 (Groundball, 6, EV 81.9 MPH)
|
|
Batting: LHB Pete Dalena
|
0-0: Ball Huey Gayden is caught stealing 2nd base 2-6
|
| Bottom of the 1st over - 0 runs, 0 hits, 0 errors, 0 left on base; San Jose 1 - Visalia 0 |
| TOP OF THE 2ND |
|
San Jose Bees batting - Pitching for Visalia Mets : RHP Randy Martz
|
|
Batting: RHB Ricky McMullen
|
0-0: Foul Ball, location: 2F 0-1: Ground out 4-3 (Groundball, 4, EV 86.3 MPH)
|
|
Batting: RHB Timothy Wallace
|
0-0: Called Strike 0-1: Swinging Strike 0-2: Foul Ball, location: 2F 0-2: Ball 1-2: Ball 2-2: Foul Ball, location: 2F 2-2: Strikes out swinging
|
|
Batting: LHB Dale Weaver
|
0-0: Ball 1-0: Ball 2-0: Ball 3-0: Called Strike 3-1: Foul Ball, location: 2F 3-2: Fly out, F9 (Flyball, 9, EV 96.3 MPH)
|
| Top of the 2nd over - 0 runs, 0 hits, 0 errors, 0 left on base; San Jose 1 - Visalia 0 |
| BOTTOM OF THE 2ND |
|
Visalia Mets batting - Pitching for San Jose Bees : RHP Doug Drabek
|
|
Batting: LHB Pete Dalena
|
0-0: Ball 1-0: Called Strike 1-1: Fly out, F7 (Flyball, 7LS, EV 92.5 MPH)
|
|
Batting: SHB Marcos Gomez
|
0-0: Foul Ball, location: 2F 0-1: Swinging Strike 0-2: Strikes out looking
|
|
Batting: RHB Ed Sedar
|
0-0: Ball 1-0: Ball 2-0: Foul Ball, location: 2F 2-1: Foul Ball, location: 2F 2-2: Ball 3-2: Base on Balls
|
|
Batting: SHB Rene Quinones
|
0-0: Called Strike 0-1: Ball Ed Sedar is caught stealing 2nd base 2-6
|
| Bottom of the 2nd over - 0 runs, 0 hits, 0 errors, 0 left on base; San Jose 1 - Visalia 0 |
| TOP OF THE 3RD |
|
San Jose Bees batting - Pitching for Visalia Mets : RHP Randy Martz
|
|
Batting: RHB Bill Pinkham
|
0-0: Fly out, F8 (Line Drive, 8LD, EV 85.0 MPH)
|
|
Batting: RHB Anthony Laurenzi
|
0-0: Ground out 5-3 (Groundball, 56, EV 82.5 MPH)
|
|
Batting: RHB Ron MacDonald
|
0-0: Ground out U3 (Groundball, 3, EV 101.9 MPH)
|
| Top of the 3rd over - 0 runs, 0 hits, 0 errors, 0 left on base; San Jose 1 - Visalia 0 |
| BOTTOM OF THE 3RD |
|
Visalia Mets batting - Pitching for San Jose Bees : RHP Doug Drabek
|
|
Batting: SHB Rene Quinones
|
0-0: Ground out 6-3 (Groundball, 56, EV 81.9 MPH)
|
|
Batting: RHB Ken Frazier
|
0-0: Called Strike 0-1: SINGLE (Groundball, 4MS, EV 63.8 MPH) (infield hit)
|
|
Batting: RHB Gabriel de la Sancha
|
0-0: Grounds into double play, 5-4-3 (Groundball, 25, EV 85.0 MPH)
|
| Bottom of the 3rd over - 0 runs, 1 hit, 0 errors, 0 left on base; San Jose 1 - Visalia 0 |
| TOP OF THE 4TH |
|
San Jose Bees batting - Pitching for Visalia Mets : RHP Randy Martz
|
|
Batting: LHB Stanley Davis
|
0-0: Ball 1-0: Ball 2-0: Called Strike 2-1: Fly out, F7 (Flyball, 78M, EV 85.6 MPH)
|
|
Batting: RHB Tony Evans
|
0-0: Ball 1-0: Ball 2-0: Called Strike 2-1: TRIPLE (Flyball, 78XD, EV 94.4 MPH)
|
|
Batting: RHB Ray Torres
|
0-0: Foul Ball, location: 2F 0-1: Ball 1-1: 2-RUN HOME RUN (Flyball, 7D, EV 105.0 MPH), Distance : 373 ft
|
|
Batting: RHB Ricky McMullen
|
0-0: Ball 1-0: Ball 2-0: Ground out U3 (Groundball, 3S, EV 83.8 MPH)
|
|
Batting: RHB Timothy Wallace
|
0-0: Ball 1-0: Called Strike 1-1: Foul Ball, location: 2F 1-2: SINGLE (Groundball, 6MD, EV 106.9 MPH)
|
|
Batting: LHB Dale Weaver
|
0-0: Ball 1-0: SINGLE (Line Drive, 6MD, EV 99.4 MPH) Timothy Wallace to second Runner from 2nd tries for 3rd, SAFE, throw by CF made to third
|
|
Batting: RHB Bill Pinkham
|
0-0: Fly out, F5 (Flyball, 5D, EV 93.1 MPH)
|
| Top of the 4th over - 2 runs, 4 hits, 0 errors, 2 left on base; San Jose 3 - Visalia 0 |
| BOTTOM OF THE 4TH |
|
Visalia Mets batting - Pitching for San Jose Bees : RHP Doug Drabek
|
|
Batting: RHB Danny Ainge
|
0-0: Called Strike 0-1: Fly out, F8 (Flyball, 8RM, EV 91.9 MPH)
|
|
Batting: SHB David Navarro
|
0-0: Ball 1-0: Ball 2-0: Ball 3-0: Base on Balls
|
|
Batting: LHB Huey Gayden
|
0-0: Called Strike David Navarro steals 2nd, throwing error, E2 David Navarro to third 0-1: Ball 1-1: Ground out 5-3 (Groundball, 56, EV 81.9 MPH) David Navarro scores
|
|
Batting: LHB Pete Dalena
|
0-0: Called Strike 0-1: Ball 1-1: Reached on error, E5 (Groundball, 5, EV 80.0 MPH)
|
|
Batting: SHB Marcos Gomez
|
0-0: Called Strike 0-1: Ball 1-1: Ball 2-1: Foul Ball, location: 2F 2-2: SINGLE (Flyball, 5D, EV 96.9 MPH) Pete Dalena to third Runner from 3rd tries for Home, SAFE, throw by LF to home
|
|
Batting: RHB Ed Sedar
|
0-0: Ball Marcos Gomez steals 2nd base 1-0: Foul Ball, location: 2F 1-1: Foul Ball, location: 2F 1-2: Fly out, F9 (Line Drive, 9D, EV 86.9 MPH)
|
| Bottom of the 4th over - 2 runs, 1 hit, 2 errors, 1 left on base; San Jose 3 - Visalia 2 |
| TOP OF THE 5TH |
|
San Jose Bees batting - Pitching for Visalia Mets : RHP Randy Martz
|
|
Batting: RHB Anthony Laurenzi
|
0-0: Foul Ball, location: 2F 0-1: Ball 1-1: Ball 2-1: SINGLE (Groundball, 4M, EV 84.4 MPH) (infield hit)
|
|
Batting: RHB Ron MacDonald
|
0-0: Ball Wild Pitch! Anthony Laurenzi to second 1-0: Ball 2-0: Foul Ball, location: 2F 2-1: Foul Ball, location: 2F 2-2: Ground out 6-3 (Groundball, 56, EV 88.1 MPH)
|
|
Batting: LHB Stanley Davis
|
0-0: Called Strike 0-1: Ball 1-1: Fly out, F6 (Popup, 56D, EV 49.4 MPH)
|
|
Batting: RHB Tony Evans
|
0-0: Ball 1-0: Foul Ball, location: 2F 1-1: Swinging Strike 1-2: Ball 2-2: Foul Ball, location: 2F 2-2: Ball 3-2: Ground out 6-3 (Groundball, 6, EV 110.0 MPH)
|
| Top of the 5th over - 0 runs, 1 hit, 0 errors, 1 left on base; San Jose 3 - Visalia 2 |
| BOTTOM OF THE 5TH |
|
Visalia Mets batting - Pitching for San Jose Bees : RHP Doug Drabek
|
|
Batting: SHB Rene Quinones
|
0-0: Ball 1-0: Foul Ball, location: 2F 1-1: Called Strike 1-2: Fly out, F8 (Flyball, 8RXD, EV 88.8 MPH)
|
|
Batting: RHB Ken Frazier
|
0-0: Ball 1-0: Swinging Strike 1-1: Called Strike 1-2: Ball 2-2: DOUBLE (Line Drive, 8RD, EV 95.0 MPH)
|
|
Batting: RHB Gabriel de la Sancha
|
0-0: Ball 1-0: Ball 2-0: Ball 3-0: Base on Balls
|
|
Batting: RHB Danny Ainge
|
0-0: Ball 1-0: SINGLE (Groundball, 56D, EV 102.5 MPH) Ken Frazier to third Gabriel de la Sancha to second Runner from 3rd tries for Home, SAFE, throw by LF to home
|
|
Batting: SHB David Navarro
|
0-0: Ball 1-0: Ball 2-0: Called Strike 2-1: Foul Ball, location: 2F 2-2: Ball 3-2: SINGLE (Groundball, 34D, EV 90.6 MPH) (infield hit) Gabriel de la Sancha to third Danny Ainge to second
|
|
Batting: LHB Huey Gayden
|
0-0: Foul Ball, location: 2F 0-1: Ball 1-1: Foul Ball, location: 2F 1-2: Foul Ball, location: 2F 1-2: Ball 2-2: Fielders Choice at 2nd, 4-6 (Groundball, 4, EV 81.3 MPH) Gabriel de la Sancha scores Danny Ainge to third
|
|
Batting: LHB Pete Dalena
|
0-0: Foul Ball, location: 2F 0-1: Ball 1-1: Ball 2-1: Called Strike 2-2: TRIPLE (Line Drive, 89XD, EV 105.6 MPH) Danny Ainge scores Huey Gayden scores
|
|
Pitching: LHP Richard Spanton
|
|
|
Batting: SHB Marcos Gomez
|
0-0: Ground out 6-3 (Groundball, 6, EV 105.0 MPH)
|
| Bottom of the 5th over - 4 runs, 4 hits, 0 errors, 1 left on base; San Jose 3 - Visalia 6 |
| TOP OF THE 6TH |
|
San Jose Bees batting - Pitching for Visalia Mets : RHP Randy Martz
|
|
Batting: RHB Ray Torres
|
0-0: Foul Ball, location: 2F 0-1: SINGLE (Line Drive, 7S, EV 108.8 MPH)
|
|
Batting: RHB Ricky McMullen
|
0-0: Ball 1-0: Foul Ball, location: 2F 1-1: Fielders Choice at 2nd, 6-4 (Groundball, 6, EV 91.3 MPH)
|
|
Batting: RHB Timothy Wallace
|
0-0: Called Strike Ricky McMullen steals 2nd base (no throw) 0-1: Ground out U3 (Groundball, 3, EV 105.0 MPH) Ricky McMullen to third
|
|
Batting: LHB Dale Weaver
|
0-0: Called Strike 0-1: Ball 1-1: Foul Ball, location: 2F 1-2: Ball 2-2: Ball 3-2: Base on Balls
|
|
Batting: RHB Bill Pinkham
|
0-0: Called Strike 0-1: Ball 1-1: Swinging Strike 1-2: Ball 2-2: Foul Ball, location: 2F 2-2: Strikes out looking
|
| Top of the 6th over - 0 runs, 1 hit, 0 errors, 2 left on base; San Jose 3 - Visalia 6 |
| BOTTOM OF THE 6TH |
|
Visalia Mets batting - Pitching for San Jose Bees : LHP Richard Spanton
|
|
Batting: RHB Ed Sedar
|
0-0: Fly out, F7 (Line Drive, 7D, EV 93.8 MPH)
|
|
Batting: SHB Rene Quinones
|
0-0: Swinging Strike 0-1: Ball 1-1: SINGLE (Flyball, 9S, EV 95.0 MPH)
|
|
Batting: RHB Ken Frazier
|
0-0: Called Strike Rene Quinones is caught stealing 2nd base 2-4 0-1: Ball 1-1: Foul Ball, location: 2F 1-2: Ball 2-2: Ball 3-2: Fly out, F9 (Flyball, 9LM, EV 86.3 MPH)
|
| Bottom of the 6th over - 0 runs, 1 hit, 0 errors, 0 left on base; San Jose 3 - Visalia 6 |
| TOP OF THE 7TH |
|
San Jose Bees batting - Pitching for Visalia Mets : RHP Randy Martz
|
|
Batting: RHB Anthony Laurenzi
|
0-0: Ball 1-0: Called Strike 1-1: Foul Ball, location: 2F 1-2: Foul Ball, location: 2F 1-2: Foul Ball, location: 2F 1-2: Fly out, F8 (Flyball, 89M, EV 83.1 MPH)
|
|
Batting: RHB Ron MacDonald
|
0-0: Ball 1-0: Ball 2-0: Ball 3-0: Called Strike 3-1: Foul Ball, location: 2F 3-2: SINGLE (Line Drive, 34, EV 99.4 MPH)
|
|
Batting: LHB Stanley Davis
|
0-0: Called Strike 0-1: Fly out, F9 (Line Drive, 9, EV 90.6 MPH)
|
|
Batting: RHB Tony Evans
|
0-0: Ball 1-0: Ball 2-0: Foul Ball, location: 2F 2-1: Ball 3-1: Base on Balls Ron MacDonald to second
|
|
Batting: RHB Ray Torres
|
0-0: Ball 1-0: Ball 2-0: SINGLE (Line Drive, 8LS, EV 109.4 MPH) Ron MacDonald to third Tony Evans to second Runner from 3rd tries for Home, SAFE, throw by CF to home
|
|
Batting: RHB Ricky McMullen
|
0-0: Foul Ball, location: 2F 0-1: Ball 1-1: Ball 2-1: Ball 3-1: Foul Ball, location: 2F 3-2: Base on Balls Tony Evans to third Ray Torres to second
|
|
Batting: RHB Timothy Wallace
|
0-0: Ball 1-0: Swinging Strike 1-1: Foul Ball, location: 2F 1-2: Strikes out swinging
|
| Top of the 7th over - 1 run, 2 hits, 0 errors, 3 left on base; San Jose 4 - Visalia 6 |
| BOTTOM OF THE 7TH |
|
Visalia Mets batting - Pitching for San Jose Bees : LHP Richard Spanton
|
|
Batting: RHB Gabriel de la Sancha
|
0-0: Called Strike 0-1: Ball 1-1: Ball 2-1: Foul Ball, location: 2F 2-2: Foul Ball, location: 2F 2-2: SINGLE (Groundball, 56, EV 86.3 MPH) (infield hit)
|
|
Batting: RHB Danny Ainge
|
0-0: Reached on error, E1 (Groundball, P, EV 43.8 MPH) Gabriel de la Sancha to third
|
|
Batting: SHB David Navarro
|
0-0: Ball 1-0: Foul Ball, location: 2F 1-1: Called Strike 1-2: Ground out 4-3 (Groundball, 4, EV 91.3 MPH) Gabriel de la Sancha scores Danny Ainge to third
|
|
Batting: LHB Huey Gayden
|
0-0: Called Strike 0-1: Ground out 5-3 (Groundball, 56, EV 108.1 MPH) Danny Ainge scores
|
|
Batting: LHB Pete Dalena
|
0-0: Ball 1-0: Swinging Strike 1-1: Ball 2-1: Ball 3-1: SOLO HOME RUN (Line Drive, 9D, EV 106.3 MPH), Distance : 389 ft
|
|
Batting: SHB Marcos Gomez
|
0-0: Foul Ball, location: 2F 0-1: Ground out 5-3 (Groundball, 56S, EV 68.1 MPH)
|
| Bottom of the 7th over - 3 runs, 2 hits, 1 error, 0 left on base; San Jose 4 - Visalia 9 |
| TOP OF THE 8TH |
|
San Jose Bees batting - Pitching for Visalia Mets : RHP Randy Martz
|
|
Batting: LHB Dale Weaver
|
0-0: Ball 1-0: Foul Ball, location: 2F 1-1: Fly out, F9 (Flyball, 9, EV 80.6 MPH)
|
|
Batting: RHB Bill Pinkham
|
0-0: Called Strike 0-1: Ground out 5-3 (Groundball, 56S, EV 86.9 MPH)
|
|
Batting: RHB Anthony Laurenzi
|
0-0: Foul Ball, location: 2F 0-1: Swinging Strike 0-2: Foul Ball, location: 2F 0-2: Ball 1-2: Ground out 6-3 (Groundball, 6M, EV 89.4 MPH)
|
| Top of the 8th over - 0 runs, 0 hits, 0 errors, 0 left on base; San Jose 4 - Visalia 9 |
| BOTTOM OF THE 8TH |
|
Visalia Mets batting - Pitching for San Jose Bees : LHP Richard Spanton
|
|
Batting: RHB Ed Sedar
|
0-0: Ball 1-0: Ball 2-0: Called Strike 2-1: Ball 3-1: Called Strike 3-2: Base on Balls
|
|
Batting: SHB Rene Quinones
|
0-0: Fly out, F9 (Flyball, 9LM, EV 87.5 MPH)
|
|
Batting: RHB Ken Frazier
|
0-0: Ball 1-0: Called Strike 1-1: Ball Ed Sedar steals 2nd, throwing error, E2 Ed Sedar to third 2-1: Ball 3-1: Ground out 1-3 (Groundball, 13S, EV 61.9 MPH)
|
|
Batting: RHB Gabriel de la Sancha
|
0-0: Ball 1-0: Ball 2-0: Fly out, F9 (Flyball, 9LS, EV 93.8 MPH)
|
| Bottom of the 8th over - 0 runs, 0 hits, 1 error, 1 left on base; San Jose 4 - Visalia 9 |
| TOP OF THE 9TH |
|
San Jose Bees batting - Pitching for Visalia Mets : RHP Randy Martz
|
|
Batting: RHB Ron MacDonald
|
0-0: SINGLE (Line Drive, 9S, EV 92.5 MPH)
|
|
Batting: LHB Stanley Davis
|
0-0: Called Strike 0-1: Called Strike 0-2: Fielders Choice at 2nd, 4-6 (Groundball, 34, EV 85.6 MPH)
|
|
Pitching: RHP Mike Ferguson
|
|
|
Batting: RHB Tony Evans
|
0-0: Ball 1-0: Called Strike 1-1: SINGLE (Line Drive, 56D, EV 103.1 MPH) Stanley Davis to second
|
|
Batting: RHB Ray Torres
|
0-0: Swinging Strike 0-1: Foul Ball, location: 2F 0-2: Fly out, F9 (Flyball, 9S, EV 93.1 MPH)
|
|
Batting: RHB Ricky McMullen
|
0-0: Foul Ball, location: 2F 0-1: Foul Ball, location: 2F 0-2: Ball 1-2: Ball 2-2: Foul Ball, location: 2F 2-2: Ball 3-2: Ground out 6-3 (Groundball, 4M, EV 104.4 MPH)
|
| Top of the 9th over - 0 runs, 2 hits, 0 errors, 2 left on base; San Jose 4 - Visalia 9 |
|